 Dungeon Crawl Stone Soup version 0.29-a0-925-g0a7a3d12f8 (console) character file.

Game seed: 30668643426596973

301 Ignak the Magician (level 6, -8/44 HPs)
             Began as a Gnoll Hedge Wizard on July 29, 2022.
             Was an Initiate of Sif Muna.
             Mangled by an ogre
             ... wielding a +0 giant club
              (25 damage)
             ... on level 5 of the Dungeon.
             The game lasted 00:08:30 (4373 turns).

Ignak the Magician (Gnoll Hedge Wizard)             Turns: 4373, Time: 00:08:31

Health: -8/44      AC:  5    Str:  9    XL:     6   Next: 37%
Magic:  0/16       EV: 13    Int: 15    God:    Sif Muna [......]
Gold:   93         SH:  0    Dex: 12    Spells: 9/19 levels left

rFire   . . .      SeeInvis +   a - +2 dagger (venom)
rCold   . . .      Faith    .   (no shield)
rNeg    . . .      Spirit   .   v - +0 robe
rPois   .          Reflect  .   c - +0 hat
rElec   .          Harm     .   j - +0 cloak
rCorr   .          Rampage  .   w - +0 pair of gloves
Will    .....                   p - +0 pair of boots
Stlth   +++.......              (no amulet)
HPRegen 0.14/turn               i - ring of see invisible
MPRegen 0.15/turn               (no ring)

@: no status effects
A: fangs 1, strong nose, distributed training
a: Renounce Religion


You were on level 5 of the Dungeon.
You worshipped Sif Muna.
Sif Muna was noncommittal.
You visited 1 branch of the dungeon, and saw 5 of its levels.

You collected 93 gold pieces.

Inventory:

Hand Weapons
 a - a +2 dagger of venom (weapon)
 b - a +2 falchion of freezing
Armour
 c - a +0 hat (worn)
 j - a +0 cloak (worn)
 p - a +0 pair of boots (worn)
 v - a +0 robe (worn)
 w - a +0 pair of gloves (worn)
Jewellery
 i - a ring of see invisible (left hand)
Scrolls
 g - a scroll of identify {unknown}
 k - a scroll of amnesia {unknown}
 m - a scroll of fear {unknown}
 q - a scroll of magic mapping {unknown}
 r - a scroll of summoning {unknown}
 t - 2 scrolls of brand weapon {unknown}
 u - a scroll of noise {unknown}
Potions
 d - 2 potions of magic
 e - 2 potions of curing {unknown}
 f - a potion of ambrosia {unknown}
 h - a potion of attraction {unknown}
 l - a potion of brilliance {unknown}
 n - 2 potions of flight {unknown}
 o - 2 potions of haste {unknown}
 s - 3 potions of degeneration {unknown}


   Skills:
 + Level 2.0 Fighting
 + Level 2.0 Short Blades
 + Level 2.0 Long Blades
 + Level 2.0 Axes
 + Level 2.0 Maces & Flails
 + Level 2.0 Polearms
 + Level 2.0 Staves
 + Level 2.0 Ranged Weapons
 + Level 2.0 Throwing
 + Level 2.0 Armour
 + Level 5.0 Dodging
 + Level 4.6 Stealth
 + Level 2.0 Shields
 + Level 2.0 Unarmed Combat
 + Level 7.4 Spellcasting
 + Level 2.6 Conjurations
 + Level 1.6 Hexes
 + Level 2.6 Summonings
 + Level 1.6 Necromancy
 + Level 2.6 Translocations
 + Level 1.6 Transmutations
 + Level 1.6 Fire Magic
 + Level 1.6 Ice Magic
 + Level 1.6 Air Magic
 + Level 1.6 Earth Magic
 + Level 1.6 Poison Magic
 + Level 2.2 Invocations
 + Level 2.0 Evocations


You had 9 spell levels left.
You knew the following spells:

 Your Spells              Type           Power      Damage    Failure   Level
a - Magic Dart            Conj           52%        1d5       4%          1
b - Blink                 Tloc           26%        N/A       6%          2
c - Ensorcelled Hibernat  Hex/Ice        20%        N/A       10%         2
d - Mephitic Cloud        Conj/Pois/Air  11%        N/A       17%         3
e - Call Imp              Summ           13%        N/A       6%          2

Your spell library contained the following spells:

 Spells                   Type           Power      Damage    Failure   Level
 Slow                     Hex            40%        N/A       7%          1
 Static Discharge         Conj/Air       12%        3-5/arc   8%          2
 Conjure Flame            Conj/Fire      12%        6-21      16%         3
 Spider Form              Tmut/Pois      10%        N/A       21%         3
 Sticky Flame             Conj/Fire      12%        2d4       45%         4
 Anguish                  Hex/Necr       5%         N/A       54%         4
 Dispel Undead            Necr           10%        3d9       54%         4


Dungeon Overview and Level Annotations

Branches:
Dungeon (5/15)
 Temple: D:4-7

Altars:
Elyvilon
Fedhas
Hepliaklqana
Sif Muna
Xom

Annotations:
D:4 Ijyb


Innate Abilities, Weirdness & Mutations

You have very sharp teeth.
Your uncanny sense of smell can sniff out nearby items.
Your experience applies equally to all skills.


Message History

Confirm with . or Enter, or press ? or * to list all spells.
Aiming: Mephitic Cloud (dangerous; 17% risk of failure)
Press: ? - help, Shift-Dir - straight line, f - scorpion
Aim: a scorpion (chance to affect: 81%)
You miscast Mephitic Cloud.
You are very lightly contaminated with residual magic.
Nothing appears to happen.
Unknown command.
Casting: Mephitic Cloud (dangerous; 17% risk of failure)
Confirm with . or Enter, or press ? or * to list all spells.
Aiming: Mephitic Cloud (dangerous; 17% risk of failure)
Press: ? - help, Shift-Dir - straight line, f/p - scorpion
Aim: a scorpion (chance to affect: 81%)
The ball explodes into a vile cloud!
The stinking cloud engulfs the scorpion but does no damage.
You hear a shout!
The scorpion is engulfed in noxious fumes.
The scorpion appears confused.
Unknown command.
The scorpion is engulfed in noxious fumes. x2
The scorpion appears confused.
The scorpion is engulfed in noxious fumes.
The scorpion appears confused.
An ogre comes into view. It is wielding a +0 giant club.
You feel stable enough to blink again.
The scorpion is engulfed in noxious fumes.
The scorpion appears confused.
Your magical contamination has completely faded away.
Casting: Mephitic Cloud (dangerous; 17% risk of failure)
Confirm with . or Enter, or press ? or * to list all spells.
Aiming: Mephitic Cloud (dangerous; 17% risk of failure)
Press: ? - help, Shift-Dir - straight line, f - ogre
Aim: an ogre, wielding a +0 giant club (chance to affect: 77%)
The ball explodes into a vile cloud!
The stinking cloud engulfs the ogre but does no damage.
The ogre is engulfed in noxious fumes.
The ogre appears confused.
The ogre is engulfed in noxious fumes.
The ogre appears confused.
The ogre hits you with a +0 giant club!!
Ouch! That really hurt!
You die...

############
#.O@........
#°########## #.#
#O# #.# #.# #
#.#
....#####.######
............s<.#


You could see an ogre (confused).

Vanquished Creatures
  Edmund (D:4)
  Crazy Yiuf (D:2)
  An iguana (D:4)
  5 adders
  2 worms
  2 dart slugs (D:1)
  An orc (D:3)
  10 ball pythons
  5 endoplasms
  2 giant cockroaches
  6 goblins
  7 hobgoblins
  2 quokkas
  7 bats
  2 frilled lizards
  5 kobolds
  6 rats
65 creatures vanquished.

Vanquished Creatures (collateral kills)
  4 orcs (D:3)
  A goblin (D:3)
5 creatures vanquished.

Grand Total: 70 creatures vanquished

Notes
Turn   | Place    | Note
-------+----------+-------------------------------------------
     0 | D:1      | Ignak the Gnoll Hedge Wizard began the quest for the Orb.
     0 | D:1      | Reached XP level 1. HP: 13/13 MP: 8/8
   209 | D:1      | Reached XP level 2. HP: 13/19 MP: 2/10
   635 | D:1      | Learned a level 2 spell: Blink
   638 | D:1      | Learned a level 2 spell: Ensorcelled Hibernation
   641 | D:1      | Learned a level 2 spell: Call Imp
   919 | D:1      | Reached XP level 3. HP: 23/25 MP: 6/11
  1694 | D:2      | Reached skill level 1 in Invocations
  1803 | D:2      | Reached skill level 1 in Fighting
  1803 | D:2      | Reached skill level 1 in Short Blades
  1803 | D:2      | Reached skill level 1 in Long Blades
  1803 | D:2      | Reached skill level 1 in Axes
  1803 | D:2      | Reached skill level 1 in Maces & Flails
  1803 | D:2      | Reached skill level 1 in Polearms
  1803 | D:2      | Reached skill level 1 in Staves
  1803 | D:2      | Reached skill level 1 in Ranged Weapons
  1803 | D:2      | Reached skill level 1 in Throwing
  1803 | D:2      | Reached skill level 1 in Armour
  1803 | D:2      | Reached skill level 1 in Shields
  1803 | D:2      | Reached skill level 1 in Unarmed Combat
  1803 | D:2      | Reached skill level 1 in Evocations
  1807 | D:2      | Learned a level 3 spell: Mephitic Cloud
  1811 | D:2      | Found a faded altar of an unknown god.
  1876 | D:2      | Reached XP level 4. HP: 29/32 MP: 13/13
  2030 | D:2      | Reached skill level 1 in Hexes
  2030 | D:2      | Reached skill level 1 in Necromancy
  2030 | D:2      | Reached skill level 1 in Transmutations
  2030 | D:2      | Reached skill level 1 in Fire Magic
  2030 | D:2      | Reached skill level 1 in Ice Magic
  2030 | D:2      | Reached skill level 1 in Air Magic
  2030 | D:2      | Reached skill level 1 in Earth Magic
  2030 | D:2      | Reached skill level 1 in Poison Magic
  2316 | D:2      | Found a runed translucent door.
  2317 | D:2      | Noticed Crazy Yiuf
  2328 | D:2      | Killed Crazy Yiuf
  2803 | D:3      | Found a white marble altar of Elyvilon.
  2818 | D:3      | Reached XP level 5. HP: 19/37 MP: 11/14
  3223 | D:3      | Found a shimmering blue altar of Sif Muna.
  3234 | D:3      | Became a worshipper of Sif Muna the Loreminder
  3905 | D:3      | Found a hazy altar of Hepliaklqana.
  3906 | D:3      | Found a shimmering altar of Xom.
  3907 | D:3      | Noticed a spectral ugly thing
  4020 | D:4      | Found a blossoming altar of Fedhas.
  4047 | D:4      | Noticed Ijyb
  4319 | D:4      | Noticed Edmund
  4337 | D:4      | Killed Edmund
  4338 | D:4      | Reached skill level 5 in Dodging
  4338 | D:4      | Reached XP level 6. HP: 12/44 MP: 8/16
  4353 | D:5      | Entered Level 5 of the Dungeon
  4373 | D:5      | Mangled by an ogre

Illustrated notes

Levels and vault maps discovered:
D:1:      saegor_arrival_miasma, layout_basic, minmay_ruptured
D:2:      layout_basic, ebering_ecumenical_altar_box, uniq_crazy_yiuf_cottage
D:3:      layout_basic, regret_index_temple_of_mockery,
          nicolae_sif_muna_condensation, lemuel_crystal_altar
D:4:      layout_cave_pools, lightli_temple_of_fire,
          nicolae_dithmenos_the_darkroom, fedhas_altar_2, st_stairs_10,
          uniq_natasha, uniq_grinder, uniq_edmund, uniq_ijyb, uniq_eustachio
D:5:      layout_loops_ring

Skill      XL: |  1  2  3  4  5 |
---------------+----------------+-----
Conjurations   | 2 |  2.6
Summonings     | 2 |  2.6
Translocations | 2 |  2.6
Invocations    | 1 2 |  2.2
Fighting       | 1 2 |  2.0
Short Blades   | 1 2 |  2.0
Long Blades    | 1 2 |  2.0
Axes           | 1 2 |  2.0
Maces & Flails | 1 2 |  2.0
Polearms       | 1 2 |  2.0
Staves         | 1 2 |  2.0
Ranged Weapons | 1 2 |  2.0
Throwing       | 1 2 |  2.0
Armour         | 1 2 |  2.0
Shields        | 1 2 |  2.0
Unarmed Combat | 1 2 |  2.0
Evocations     | 1 2 |  2.0
Hexes          | 1 |  1.6
Necromancy     | 1 |  1.6
Transmutations | 1 |  1.6
Fire Magic     | 1 |  1.6
Ice Magic      | 1 |  1.6
Air Magic      | 1 |  1.6
Earth Magic    | 1 |  1.6
Poison Magic   | 1 |  1.6
Dodging        | 5 |  5.0
Stealth        | |  4.6
Spellcasting   | |  7.4

Action                   |  1- 3 |  4- 6 || total
-------------------------+-------+-------++-------
Melee: Dagger            |    84 |    82 ||   166
       Bite              |     7 |     8 ||    15
       Punch             |       |     1 ||     1
 Cast: Magic Dart        |    29 |     1 ||    30
       Ensorcelled Hiber |     7 |     4 ||    11
       Call Imp          |     1 |     1 ||     2
       Mephitic Cloud    |       |     6 ||     6
       Blink             |       |     3 ||     3
 Stab: Sleeping          |     7 |    13 ||    20
       Distracted        |     1 |     1 ||     2
       Invisible         |       |     1 ||     1
Armor: Robe              |    17 |    17 ||    34
Dodge: Dodged            |    79 |    40 ||   119

Table legend: (Time is in decaauts)
 A = Elapsed time spent in this place.
 B = Non-inter-level travel time spent in this place.
 C = Inter-level travel time spent in this place.
 D = Time resting spent in this place.
 E = Time spent auto-exploring this place.
 F = Levels seen in this place.
 G = Mean time per level.
                   A        B        C        D        E       F      G
               +--------+--------+--------+--------+--------+-----+--------+
         Total |   4365 |   4312 |     53 |   1382 |   1987 |   5 |  873.0 |
       Dungeon |   4365 |   4312 |     53 |   1382 |   1987 |   5 |  873.0 |
               +--------+--------+--------+--------+--------+-----+--------+

Top non-repeatable levels by time:
     D:2: 1602 daAuts
     D:3: 1418 daAuts
     D:1: 1176 daAuts
     D:4: 149 daAuts
     D:5: 19 daAuts
